 Dungeon Crawl Stone Soup version 0.27-a0-1591-gc56fcc985a (webtiles) character file.

Game seed: 12183211004459605476

6407 Aviak the Transmogrifier (level 10, -16/84 HPs)
             Began as a Demigod Transmuter on July 19, 2021.
             Demolished by a boulder beetle (21 damage)
             ... on level 11 of the Dungeon.
             The game lasted 00:19:41 (12808 turns).

Aviak the Transmogrifier (Demigod Transmuter)      Turns: 12808, Time: 00:19:42

Health: -16/84     AC:  7    Str: 15    XL:     10   Next: 39%
Magic:  0/23       EV: 13    Int: 23    God:
Gold:   216        SH:  4    Dex: 20    Spells: 5/21 levels left

rFire    + . .     SeeInvis .     - Unarmed
rCold    . . .     Faith    .   (no shield)
rNeg     . . .     Spirit   +   A - +0 troll leather armour
rPois    .         Reflect  .   C - +2 hat
rElec    .         Harm     .   (no cloak)
rCorr    .         Rampage  .   f - +0 pair of gloves
Will     +....                  (no boots)
Stlth    +.........             b - amulet of guardian spirit
HPRegen  1.24/turn              p - +6 ring of dexterity
MPRegen  0.18/turn              F - ring of protection from fire

@: mighty, brilliant, about to teleport
A: high mp 1, forlorn, large bone plates 1, no potion heal 1
a: no special abilities


You were on level 11 of the Dungeon.
You visited 1 branch of the dungeon, and saw 13 of its levels.
You also visited: Bailey.

You collected 720 gold pieces.
You spent 504 gold pieces at shops.

Inventory:

Missiles
 m - 3 atropa-tipped darts
 B - 2 boomerangs of dispersal
Armour
 a - a +0 robe
 f - a +0 pair of gloves (worn)
 o - a +0 leather armour
 A - a +0 troll leather armour (worn)
 C - a +2 hat (worn)
Jewellery
 b - an amulet of guardian spirit (around neck)
 g - an amulet of the acrobat
 k - a +6 ring of dexterity
 p - a +6 ring of dexterity (left hand)
 F - a ring of protection from fire (right hand)
Wands
 e - a wand of digging (3)
 y - a wand of polymorph (5)
Scrolls
 d - a scroll of fog
 i - 3 scrolls of identify
 j - a scroll of enchant armour {unknown}
 l - 2 scrolls of magic mapping
 n - a scroll of summoning {unknown}
 r - 3 scrolls of enchant weapon
 t - a scroll of teleportation
 w - 2 scrolls of immolation
Potions
 u - a potion of lignification {!q}
 v - a potion of flight
 z - 2 potions of brilliance


   Skills:
 - Level 6.7 Fighting
 + Level 3.2 Dodging
 + Level 5.3 Unarmed Combat
 - Level 6.0 Spellcasting
 * Level 8.5 Transmutations
 - Level 3.4 Ice Magic
 * Level 3.6 Earth Magic
 - Level 3.0 Poison Magic


You had 5 spell levels left.
You knew the following spells:

 Your Spells              Type           Power      Damage    Failure   Level
a - Beastly Appendage     Tmut           100%       N/A       1%          1
b - Wereblood             Tmut           62%        N/A       1%          2
c - Spider Form           Tmut/Pois      25%        N/A       3%          3
d - Ice Form              Ice/Tmut       51%        N/A       9%          4
e - Statue Form           Tmut/Erth      34%        N/A       80%         6

Your spell library contained the following spells:

 Spells                   Type           Power      Damage    Failure   Level
 Passwall                 Tmut/Erth      42%        N/A       1%          2
 Sandblast                Erth           70%        2d15      2%          1
 Ignite Poison            Fire/Tmut/Pois 36%        N/A       6%          3
 Ensorcelled Hibernation  Hex/Ice        44%        N/A       8%          2
 Ozocubu's Armour         Ice            34%        N/A       8%          3
 Corona                   Hex            11%        N/A       11%         1
 Magic Dart               Conj           40%        1d5       11%         1
 Searing Ray              Conj           20%        3d3       16%         2
 Static Discharge         Conj/Air       10%        N/A       16%         2
 Stone Arrow              Conj/Erth      44%        3d9       16%         3
 Alistair's Intoxication  Tmut/Pois      33%        N/A       26%         5
 Swiftness                Air            10%        N/A       30%         3
 Tukima's Dance           Hex            10%        N/A       30%         3
 Summon Ice Beast         Ice/Summ       22%        N/A       45%         4
 Lee's Rapid Deconstruct  Erth           17%        3d12*     54%         5
 Dispel Undead            Necr           10%        3d9       71%         4
 Fulminant Prism          Conj/Hex       5%         3d7       71%         4
 Sticky Flame             Conj/Fire      10%        2d3       71%         4
 Ozocubu's Refrigeration  Ice            17%        4d8       100%        7


Dungeon Overview and Level Annotations

Branches:
Dungeon (13/15)            Temple (0/1) D:4          Bailey (visited)
   Lair: D:8-11         Orc: D:9-12      Vaults: D:13-14

Shops:
D:1 :

Annotations:
D:7 2 transporters, hark's ghost, novice MiFi
D:12 Fannar; Josephine; Psyche
D:13 Snorg


Innate Abilities, Weirdness & Mutations

Your attributes grow dramatically as you level up.
You have an increased reservoir of magic. (+10% MP)
You shall have no god before yourself.
You are partially covered in large bone plates. (SH +4)
Potions are less effective at restoring your health.


Message History

You pummel the yak!!
The yak is heavily wounded.
Your transformation is almost over.
The yak gores you.
* * * LOW HITPOINT WARNING * * *
Unknown command.
You smack the yak!
The yak is almost dead.
The yak gores you but does no damage.
You smack the yak!
You kill the yak!
You cannot move.
Okay, then.
You pummel the yak!!
The yak is heavily wounded.
The yak gores you but does no damage. The orc hits you but does no damage.
You barely miss the yak.
The yak is heavily wounded.
The yak gores you but does no damage. The orc hits you but does no damage.
You barely miss the yak. You punch the yak.
The yak is severely wounded.
The yak gores you!
* * * LOW HITPOINT WARNING * * *
The orc hits you but does no damage.
Unknown command.
You smack the yak!
You kill the yak!
You hit the boulder beetle but do no damage.
The boulder beetle bites you but does no damage.
The orc barely misses you.
You hit the boulder beetle but do no damage.
You feel less wooden.
Your +2 hat unmelds from your body.
Your +0 pair of gloves unmelds from your body.
Your +0 troll leather armour unmelds from your body.
You block the orc's attack. The boulder beetle closely misses you.
As you read the scroll of teleportation, it crumbles to dust.
You feel strangely unstable. The orc closely misses you.
The boulder beetle bites you!!
You die...

..#.###
?...$...
#..cc...
....o.# #
#....# ##§#
#..co####...#
#....ooB@#
#...cco###
#.....§#
###'#####
#.....#
###Y....#
#.Y.....#
...........###
......B?...#


You could see a boulder beetle, 2 centaurs and 2 orcs.

Vanquished Creatures
  An ugly thing (D:8)
  2 hornets
  A troll (D:9)
  A spriggan (D:10)
  A wraith (D:11)
  9 yaks
  2 steam dragons
  Edmund (D:4)
  An acid dragon (D:9)
  A water moccasin (D:8)
  4 sky beasts
  A black bear (D:5)
  2 ice beasts
  3 orc warriors
  A hornet zombie (D:8)
  An ogre (D:6)
  4 centaurs
  2 phantoms
  A kobold brigand (D:10)
  A bullfrog (D:7)
  7 scorpions
  A wyvern skeleton (D:5)
  3 wights (D:9)
  A howler monkey (D:4)
  3 hounds
  2 jellies
  2 centaur zombies
  6 orc priests
  A bullfrog skeleton (D:5)
  2 iguanas
  9 orc wizards
  3 gnolls (D:4)
  A howler monkey skeleton (D:6)
  7 adders
  A shadow imp (D:5)
  3 white imps
  3 worms
  A dart slug (D:2)
  31 orcs
  A bat (D:3)
  5 giant cockroaches
  8 goblins
  7 hobgoblins
  3 jackals (D:1)
  8 ball pythons
  9 kobolds
  6 rats
174 creatures vanquished.

Vanquished Creatures (others)
  32 plants
32 creatures vanquished.

Grand Total: 206 creatures vanquished

Notes
Turn   | Place    | Note
-------+----------+-------------------------------------------
     0 | D:1      | Aviak the Demigod Transmuter began the quest for the Orb.
     0 | D:1      | Reached XP level 1. HP: 15/15 MP: 5/5
   104 | D:1      | Reached skill level 1 in Fighting
   301 | D:1      | Reached skill level 2 in Transmutations
   425 | D:1      | Reached XP level 2. HP: 23/23 MP: 5/7
   428 | D:1      | Learned a level 2 spell: Wereblood
   459 | D:1      | Found Neggiuq's Book Shop.
  1416 | D:2      | Reached XP level 3. HP: 29/29 MP: 5/8
  1556 | D:2      | Got the Incunabulum of Snow and Lightness
  2353 | D:3      | Reached skill level 3 in Transmutations
  2353 | D:3      | Reached XP level 4. HP: 27/37 MP: 2/9
  2363 | D:3      | Learned a level 3 spell: Spider Form
  2978 | D:3      | Reached skill level 1 in Poison Magic
  3231 | D:3      | Reached XP level 5. HP: 44/44 MP: 7/11
  3642 | D:4      | Found a staircase to the Ecumenical Temple.
  3656 | D:4      | Noticed a sky beast
  3671 | D:4      | Killed a sky beast
  4353 | D:4      | Reached XP level 6. HP: 51/51 MP: 5/13
  4790 | D:4      | Noticed Edmund
  4814 | D:4      | Killed Edmund
  5223 | D:5      | Entered Level 5 of the Dungeon
  5407 | D:5      | Reached XP level 7. HP: 53/59 MP: 12/15
  5707 | D:5      | Reached skill level 4 in Transmutations
  6610 | D:6      | Reached skill level 5 in Fighting
  6619 | D:5      | Reached XP level 8. HP: 46/68 MP: 11/18
  6749 | D:5      | Reached skill level 5 in Transmutations
  7084 | D:6      | Reached skill level 5 in Spellcasting
  8254 | D:7      | Noticed a two-headed ogre
  8254 | D:7      | Found a transporter.
  8254 | D:7      | Found a transporter.
  8304 | D:7      | Noticed hark's ghost (novice MiFi)
  8308 | D:7      | Reached skill level 6 in Transmutations
  8907 | D:8      | Reached XP level 9. HP: 48/78 MP: 9/21
  9218 | D:8      | Learned a level 4 spell: Ice Form
  9377 | D:8      | Reached skill level 1 in Ice Magic
  9396 | D:8      | Reached skill level 7 in Transmutations
  9809 | D:8      | Noticed a red ugly thing
 10227 | D:8      | Killed a white ugly thing
 10444 | D:1      | Bought the Collected Works on Contamination and the
                  | Mountains for 504 gold pieces
 10451 | D:1      | Learned a level 6 spell: Statue Form
 11205 | D:9      | Found a flagged portal.
 11294 | D:9      | Reached skill level 1 in Earth Magic
 11379 | Bailey   | Entered a bailey
 11692 | D:9      | Reached XP level 10. HP: 74/84 MP: 12/23
 12371 | D:10     | Entered Level 10 of the Dungeon
 12489 | D:10     | Reached skill level 8 in Transmutations
 12621 | D:10     | Reached skill level 5 in Unarmed Combat
 12694 | D:10     | You fall into a shaft and drop 3 floors!
 12694 | D:13     | Noticed Snorg
 12699 | D:12     | Noticed a two-headed ogre
 12713 | D:12     | Noticed Josephine
 12723 | D:12     | Noticed a deep elf pyromancer
 12726 | D:12     | Noticed Fannar
 12731 | D:12     | Noticed Psyche
 12732 | D:12     | Noticed a white ugly thing
 12738 | D:12     | Noticed a two-headed ogre
 12738 | D:12     | Noticed a cyclops
 12767 | D:11     | Noticed a boulder beetle
 12774 | D:11     | Gained mutation: Potions are less effective at restoring
                  | your health. [potion of mutation]
 12774 | D:11     | Gained mutation: You are partially covered in large bone
                  | plates. (SH +4) [potion of mutation]
 12804 | D:11     | HP: 3/126 [yak (6)]
 12808 | D:11     | Demolished by a boulder beetle

Illustrated notes

Levels and vault maps discovered:
D:1:      dpeg_arrival_short_road, layout_loops_ring, serial_shops, shop,
          serial_rivers, chequers_serial_rivers_micro_c,
          chequers_serial_rivers_micro_c, chequers_serial_rivers_micro_d,
          chequers_serial_rivers_large_a, chequers_serial_rivers_micro_e,
          basic_ecumenical_altar
D:2:      cheibrodos_helix_gallery, layout_loops_ring, minmay_misc_feat_pillars
D:3:      layout_basic, mainiacjoe_overflow_catch_the_wave
D:4:      layout_basic, mainiacjoe_overflow_surrounded_room,
          minmay_temple_entry_slanted, serial_co_window_serial,
          co_window_paths_a, co_window_paths_b, co_window_paths_a,
          co_window_paths_a, co_window_corner_a, co_window_of_opportunity_b,
          co_window_2corner, co_window_cross_4, co_window_paths_d,
          co_window_paths_e, glass_columns_a, glass_columns_b, glass_columns_a,
          glass_columns_a, uniq_edmund
D:5:      layout_cave_pods, mainiacjoe_overflow_cross_hatched, minmay_puff
D:6:      layout_loops_ring, xom_teletrap_fun, st_stairs_13, serial_bayou_ford_a
D:7:      layout_rooms, gammafunk_temple_overflow_elements,
          gammafunk_ghost_smash
D:8:      layout_gridville, nicolae_qazlal_scattered_showers, abandoned_shop
D:9:      layout_loops_corners, enter_bailey_6, chequers_serial_rivers_large_b
D:10:     layout_basic, nicolae_yredelemnul_ghost_church,
          erik_lair_orcish_takeover, hiddenorc2_lemuel, the_hattery
D:11:     layout_basic, serial_shops, nicolae_shop_behind_doors,
          nicolae_island_escapes, uniq_erolcha
D:12:     layout_cave_pools, uniq_fannar, uniq_psyche, uniq_josephine
D:13:     layout_loops_ring, uniq_snorg

Skill      XL: |  1  2  3  4  5  6  7  8  9 10 |
---------------+-------------------------------+-----
Fighting       | 1 2 3 4 5 6 |  6.7
Dodging        | 2 3 |  3.2
Transmutations | 2 3 4 6 7 8 |  8.5
Spellcasting   | 2 3 4 5 6 |  6.0
Poison Magic   | 1 2 3 |  3.0
Unarmed Combat | 4 5 |  5.3
Ice Magic      | 3 |  3.4
Earth Magic    | 1 3 |  3.6

Action                   |  1- 3 |  4- 6 |  7- 9 | 10-12 || total
-------------------------+-------+-------+-------+-------++-------
Melee: Unarmed           |   126 |   152 |   405 |    66 ||   749
       Kick              |    25 |    11 |       |       ||    36
       Headbutt          |    16 |     6 |       |       ||    22
       Punch             |     2 |     1 |       |     2 ||     5
 Cast: Beastly Appendage |    29 |     6 |       |       ||    35
       Wereblood         |     5 |     3 |     7 |     1 ||    16
       Spider Form       |       |    18 |    41 |       ||    59
       Ice Form          |       |       |     5 |     6 ||    11
Evoke: Wand              |       |       |       |     1 ||     1
  Use: Scroll            |       |     3 |     7 |     7 ||    17
       Potion            |       |     4 |     2 |     8 ||    14
 Stab: Sleeping          |     1 |       |     2 |       ||     3
       Invisible         |       |     1 |     3 |       ||     4
Armor: Robe              |    20 |    22 |       |       ||    42
       Leather armour    |       |     5 |     5 |       ||    10
       Skin              |       |     4 |    51 |    42 ||    97
       Troll leather arm |       |       |       |     1 ||     1
Dodge: Dodged            |    61 |   110 |   342 |    32 ||   545
Block: Other             |       |       |       |     1 ||     1

Table legend: (Time is in decaauts)
 A = Elapsed time spent in this place.
 B = Non-inter-level travel time spent in this place.
 C = Inter-level travel time spent in this place.
 D = Time resting spent in this place.
 E = Time spent auto-exploring this place.
 F = Levels seen in this place.
 G = Mean time per level.
                   A        B        C        D        E       F      G
               +--------+--------+--------+--------+--------+-----+--------+
         Total |  12825 |  12109 |    716 |   1318 |   8813 |  14 |  916.1 |
       Dungeon |  12804 |  12088 |    716 |   1318 |   8810 |  13 |  984.9 |
        Bailey |     21 |     21 |      0 |      0 |      3 |   1 |   21.0 |
               +--------+--------+--------+--------+--------+-----+--------+

Top non-repeatable levels by time:
     D:5: 1797 daAuts
     D:8: 1686 daAuts
     D:4: 1645 daAuts
     D:6: 1384 daAuts
     D:3: 1373 daAuts
     D:2: 1325 daAuts
     D:9: 1313 daAuts
     D:1: 1057 daAuts
     D:7: 785 daAuts
    D:10: 321 daAuts
    D:12: 57 daAuts
    D:11: 52 daAuts
  Bailey: 21 daAuts
    D:13: 3 daAuts
